 Dungeon Crawl Stone Soup version 0.31-a0-977-gc230f8ef24 (webtiles) character file.

Game seed: 15621296101671959425

72 Arzdou the Stinger (level 3, -2/26 HPs)
             Began as a Demigod Wanderer on Oct 29, 2023.
             Slain by a gnoll
             ... wielding a +0 spear
              (5 damage)
             ... on level 3 of the Dungeon.
             The game lasted 00:03:20 (2498 turns).

Arzdou the Stinger (Demigod Wanderer)               Turns: 2498, Time: 00:03:21

Health: -2/26      AC:  6    Str: 13    XL:     3   Next: 82%
Magic:  8/8        EV: 11    Int: 19    God:
Gold:   116        SH:  0    Dex: 12    Spells: 4/5 levels left

rFire   . . .        a - +0 falchion
rCold   . . .        (no shield)
rNeg    + . .        d - +0 robe
rPois   .            (no helmet)
rElec   .            (no cloak)
rCorr   .            (no gloves)
SInv    .            (no boots)
Will    .....        (no amulet)
Stlth   +            h - +4 ring of protection
HPRegen 0.24/turn    k - ring of positive energy
MPRegen 0.11/turn

%: no passive effects
@: no status effects
A: high MP 1, forlorn, divine attributes
a: no special abilities


You were on level 3 of the Dungeon.
You visited 1 branch of the dungeon, and saw 4 of its levels.

You collected 116 gold pieces.

Inventory:

Hand Weapons
 a - a +0 falchion (weapon)
Armour
 d - a +0 robe (worn)
Jewellery
 h - a +4 ring of protection (left hand)
 k - a ring of positive energy (right hand)
 m - a ring of positive energy
Wands
 b - a wand of polymorph (7)
Scrolls
 c - a scroll of blinking
 e - 4 scrolls of teleportation {unknown}
 j - a scroll of identify {unknown}
 n - a scroll of brand weapon {unknown}
 o - a scroll of fog {unknown}
Potions
 f - 3 potions of magic {unknown}
 g - a potion of enlightenment {unknown}
 i - 2 potions of brilliance {unknown}
 l - a potion of might {unknown}


   Skills:
 + Level 2.6 Long Blades
 - Level 1.2 Armour
 + Level 1.8 Spellcasting
 + Level 3.2 Poison Magic
 - Level 3.0 Evocations


You had 4 spell levels left.
You knew the following spells:

 Your Spells              Type           Power      Damage    Failure   Level
a - Sting                 Tmut/Pois      28%        1d4       9%          1

Your spell library contained the following spells:

 Spells                   Type           Power      Damage    Failure   Level
 Poisonous Vapours        Pois/Air       14%        N/A       13%         2
 Olgreb's Toxic Radiance  Pois           14%        N/A       41%         4


Dungeon Overview and Level Annotations

Branches:
Dungeon (4/15)
 Temple: D:4-7


Innate Abilities, Weirdness & Mutations

You have an increased reservoir of magic. (+10% MP)
You shall have no god before yourself.
Your divine heritage dramatically boosts your attributes as you level up.


Message History

The gnoll is almost dead.
The gnoll looks more healthy.
The gnoll barely misses you.
You hit the gnoll.
You kill the gnoll!
The endoplasm jiggles.
You hit the endoplasm.
The endoplasm is almost dead.
The endoplasm freezes you.
You are frozen.
You hit the endoplasm.
You kill the endoplasm!
The gnoll hits you from afar with a +0 spear.
The gnoll attacks as it pursues you!
The gnoll hits you from afar with a +0 spear.
The gnoll attacks as it pursues you! The gnoll barely misses you.
The gnoll attacks as it pursues you! The gnoll hits you but does no damage.
The gnoll attacks as it pursues you! The gnoll hits you but does no damage.
A gnoll comes into view. It is wielding a +2 whip of freezing.
The gnoll shouts!
The gnoll attacks as it pursues you! The gnoll barely misses you.
Found a stone staircase leading down.
There is a stone staircase leading down here.
The gnoll closely misses you.
You climb downwards.
The orc shouts!
Found 15 gold pieces.
There is a stone staircase leading up here.
There are monsters nearby!
You climb upwards.
The gnoll hits you from afar with a +0 spear.
The gnoll misses you. The gnoll barely misses you.
The gnoll hits you but does no damage.
There is a stone staircase leading down here.
The gnoll barely misses you. The gnoll attacks as it pursues you!
The gnoll hits you from afar with a +0 spear!
* * * LOW HITPOINT WARNING * * *
The gnoll attacks as it pursues you!
The gnoll hits you from afar with a +0 spear.
You die...

#.#.#.#.###..##.##.##.## ##
#..........g...#.......###.
#.##.#..###.......#####)#.#
#.......#####..#### ##.##
#.##..g.##.....## #.#
#.####g>##...............#
#.......g.....###.#####.g#
######............# #.g#
#..##@....... J.g#
###..##.....#.. ##b..
##.#.........# ....
..#####...#.......>... #...
...........######...##
#.###.......## ...#
#.........# ..# ##..†....##
..# ##.....##


You could see 3 gnolls.

Vanquished Creatures
  A gnoll (D:3)
  An adder (D:3)
  A dart slug (D:2)
  An orc (D:2)
  2 ball pythons (D:1)
  4 bats
  4 endoplasms
  2 giant cockroaches (D:1)
  6 goblins
  2 hobgoblins
  7 jackals (D:1)
  3 kobolds (D:2)
  6 quokkas
  4 frilled lizards
  2 rats
46 creatures vanquished.

Notes
Turn   | Place    | Note
-------+----------+-------------------------------------------
     0 | D:1      | Arzdou the Demigod Wanderer began the quest for the Orb.
     0 | D:1      | Arzdou set off with the following items: a +0 falchion, a
                  | wand of polymorph (7), a scroll of blinking, a +0 robe; and
                  | the following spell memorised: Sting; and the following
                  | spells available to memorise: Poisonous Vapours, Olgreb's
                  | Toxic Radiance.
     0 | D:1      | Reached XP level 1. HP: 14/14 MP: 4/4
   218 | D:1      | Reached XP level 2. HP: 12/20 MP: 4/6
  1441 | D:2      | Reached XP level 3. HP: 13/26 MP: 2/7
  2493 | D:4      | Noticed a phantom
  2498 | D:3      | Slain by a gnoll

Illustrated notes

Levels and vault maps discovered:
D:1:      lightli_arrival_flooded_house, layout_loops_corners
D:2:      layout_basic, shapermc_ecumenical_altar_mp_vishouse
D:3:      layout_loops_cross, lemuel_crystal_altar, serial_shops, shop,
          minmay_distorted
D:4:      layout_rooms, uniq_crazy_yiuf_cottage, uniq_robin

Skill      XL: |  1  2 |
---------------+-------+-----
Long Blades    | 2 |  2.6
Evocations     | 3 |  3.0
Poison Magic   | 3 |  3.2
Armour         | |  1.2
Spellcasting   | |  1.8

Action                     || total
---------------------------++-------
  Melee: Falchion          ||    79
         Punch             ||     1
   Cast: Sting             ||    63
 Armour: Robe              ||    86
  Dodge: Dodged            ||    71

Table legend: (Time is in decaauts)
 A = Elapsed time spent in this place.
 B = Non-inter-level travel time spent in this place.
 C = Inter-level travel time spent in this place.
 D = Time resting spent in this place.
 E = Time spent auto-exploring this place.
 F = Levels seen in this place.
 G = Mean time per level.
                   A        B        C        D        E       F      G
               +--------+--------+--------+--------+--------+-----+--------+
         Total |   2512 |   2460 |     52 |      0 |   2097 |   4 |  628.0 |
       Dungeon |   2512 |   2460 |     52 |      0 |   2097 |   4 |  628.0 |
               +--------+--------+--------+--------+--------+-----+--------+

Top non-repeatable levels by time:
     D:2: 1166 daAuts
     D:1: 1137 daAuts
     D:3: 206 daAuts
     D:4: 1 daAuts
